 Dungeon Crawl Stone Soup version 0.30-a0-782-ge64f9170bb (webtiles) character file.

Game seed: 4446574582315043314

125 Bnni the Grave Robber (level 4, -1/33 HPs)
             Began as a Demonspawn Necromancer on Feb 22, 2023.
             Slain by a gnoll
             ... wielding a +0 halberd
              (12 damage)
             ... on level 3 of the Dungeon.
             The game lasted 00:04:15 (2328 turns).

Bnni the Grave Robber (Demonspawn Necromancer)      Turns: 2328, Time: 00:04:15

Health: -1/33      AC:  4    Str:  8    XL:     4   Next: 82%
Magic:  1/8        EV: 12    Int: 18    God:
Gold:   153        SH:  0    Dex: 14    Spells: 0/8 levels left

rFire   . . .      SeeInvis .    m - +2 dagger (drain)
rCold   . . .      Faith    .    (no shield)
rNeg    . . .      Spirit   .    a - +0 robe
rPois   .          Reflect  .    (helmet restricted)
rElec   .          Harm     .    (no cloak)
rCorr   .          Rampage  .    (no gloves)
Will    .....                    (no boots)
Stlth   ++                       l - amulet of magic regeneration
HPRegen 0.25/turn                (no ring)
MPRegen 0.51/turn                (no ring)

@: very slightly contaminated
A: horns 1, slimy green scales 1
a: no special abilities


You were on level 3 of the Dungeon.
You visited 1 branch of the dungeon, and saw 3 of its levels.

You collected 153 gold pieces.

Inventory:

Hand Weapons
 e - a +0 sling
 m - a +2 dagger of draining (weapon)
Missiles
 f - 9 poisoned darts
Armour
 a - a +0 robe (worn)
Jewellery
 l - an amulet of magic regeneration (around neck)
Wands
 i - a wand of charming (12)
Scrolls
 c - 2 scrolls of poison {unknown}
 d - 2 scrolls of amnesia {unknown}
 g - 2 scrolls of identify {unknown}
 n - 2 scrolls of teleportation {unknown}
 p - a scroll of fear {unknown}
Potions
 b - a potion of magic
 h - a potion of might {unknown}
 j - a potion of berserk rage {unknown}
 k - a potion of attraction {unknown}
 o - 2 potions of heal wounds {unknown}
 q - a potion of lignification {unknown}


   Skills:
 + Level 2.0 Fighting
 - Level 1.7 Dodging
 - Level 1.7 Stealth
 + Level 2.9 Spellcasting
 * Level 5.7 Necromancy


You couldn't memorise any spells.
You knew the following spells:

 Your Spells              Type           Power      Damage    Failure   Level
a - Necrotise             Necr           92%        1d8       1%          1
c - Vampiric Draining     Necr           23%        2d7       4%          3
d - Animate Dead          Necr           23%        N/A       16%         4

Your spell library contained the following spells:

 Spells                   Type           Power      Damage    Failure   Level
 Sublimation of Blood     Necr           23%        N/A       2%          2
 Agony                    Necr           23%        N/A       41%         5
 Petrify                  Tmut/Erth      2%         N/A       86%         4
 Irradiate                Conj/Tmut      1%         3d12      99%         5


Dungeon Overview and Level Annotations

Branches:
Dungeon (3/15)

Altars:
Trog


Innate Abilities, Weirdness & Mutations

You have a pair of small horns on your head.
You are partially covered in slimy green scales. (AC +2)


Message History

You sense an unholy aura.
m - a +2 dagger of draining (weapon)
The gnoll misses you. The gnoll barely misses you.
You closely miss the gnoll. You headbutt the gnoll.
The gnoll is severely wounded.
The gnoll hits you with a +0 flail. The gnoll hits you but does no damage.
Casting: Vampiric Draining (dangerous; 4% risk of failure)
Confirm with . or Enter, or press ? or * to list all spells.
Aiming: Vampiric Draining (dangerous; 4% risk of failure)
Press: ? - help, Shift-Dir - straight line, f/p - gnoll
Aim: a gnoll, wielding a +0 flail (severely wounded)
You draw life force from the gnoll!
You kill the gnoll!
You feel life coursing into your body. The gnoll barely misses you.
Your life force feels restored.
Your Fighting skill increases to level 2!
The gnoll misses you.
An endoplasm comes into view.
The gnoll hits you with a +0 halberd!
You see here a +0 flail.
Casting: Vampiric Draining (dangerous; 4% risk of failure)
Confirm with . or Enter, or press ? or * to list all spells.
Aiming: Vampiric Draining (dangerous; 4% risk of failure)
Press: ? - help, Shift-Dir - straight line, f - gnoll
Aim: a gnoll, wielding a +0 halberd You miscast Vampiric Draining.
You are very lightly contaminated with residual magic.
Nothing appears to happen.
The endoplasm quivers.
The gnoll barely misses you. The gnoll hits you with a +0 halberd!
* * * LOW HITPOINT WARNING * * *
Casting: Vampiric Draining (dangerous; 4% risk of failure)
Confirm with . or Enter, or press ? or * to list all spells.
Aiming: Vampiric Draining (dangerous; 4% risk of failure)
Press: ? - help, Shift-Dir - straight line, f/p - gnoll
Aim: a gnoll, wielding a +0 halberd You draw life force from the gnoll!
You feel life coursing into your body.
An orc comes into view. It is wielding a +0 whip.
The gnoll hits you from afar with a +0 halberd!
You die...

..####......#####....)
...........## #†####
..###...### #.# #
##.## #.#
.#..#.####.## #.#
.?..........# #.#
......####..# #.#
.o....####..########.#
......gg@............#
......#############
#...# ... #


You could see 2 gnolls and an orc (wandering).

Vanquished Creatures
  A jelly (D:2)
  2 gnolls (D:3)
  2 worms
  A dart slug (D:1)
  An orc (D:3)
  5 ball pythons
  2 endoplasms (D:2)
  8 giant cockroaches
  8 goblins
  4 hobgoblins
  4 jackals (D:1)
  4 quokkas
  5 bats
  7 frilled lizards
  3 kobolds
  8 rats
65 creatures vanquished.

Vanquished Creatures (collateral kills)
  A jackal (D:1)
1 creature vanquished.

Grand Total: 66 creatures vanquished

Notes
Turn   | Place    | Note
-------+----------+-------------------------------------------
     0 | D:1      | Bnni the Demonspawn Necromancer began the quest for the
                  | Orb.
     0 | D:1      | Reached XP level 1. HP: 13/13 MP: 3/3
   296 | D:1      | Gained mutation: You are partially covered in slimy green
                  | scales. (AC +2) [demonic ancestry]
   296 | D:1      | Reached XP level 2. HP: 20/20 MP: 0/5
   660 | D:1      | Reached skill level 1 in Fighting
   800 | D:1      | Reached skill level 5 in Necromancy
   805 | D:1      | Reached XP level 3. HP: 26/26 MP: 6/6
  1025 | D:2      | Learned a level 3 spell: Vampiric Draining
  1456 | D:2      | Found a faded altar of an unknown god.
  1552 | D:2      | Gained mutation: You have a pair of small horns on your
                  | head. [demonic ancestry]
  1552 | D:2      | Reached XP level 4. HP: 26/33 MP: 1/7
  1945 | D:3      | Learned a level 4 spell: Animate Dead
  1946 | D:3      | Found a bloodstained altar of Trog.
  2328 | D:3      | Slain by a gnoll

Illustrated notes

Levels and vault maps discovered:
D:1:      roderic_dead_forest, layout_basic, minmay_heptomino_h4
D:2:      minmay_spotlight, layout_loops_cross,
          hellmonk_ecumenical_altar_pennies_from_heaven
D:3:      wander_river, layout_loops_ring, trog_three_pillars_becter,
          mainiacjoe_overflow_alcove_2

Skill      XL: |  1  2  3  4 |
---------------+-------------+-----
Fighting       | 1 2 |  2.0
Necromancy     | 5 |  5.7
Dodging        | |  1.7
Stealth        | |  1.7
Spellcasting   | |  2.9

Action                     |  1- 3 |  4- 6 || total
---------------------------+-------+-------++-------
  Melee: Unarmed           |    66 |       ||    66
         Dagger            |       |    31 ||    31
         Headbutt          |       |     3 ||     3
   Fire: Sling             |   137 |    17 ||   154
  Throw: Dart              |     3 |       ||     3
   Cast: Necrotise         |    22 |       ||    22
         Vampiric Draining |     4 |     5 ||     9
 Armour: Robe              |    70 |     7 ||    77
  Dodge: Dodged            |   147 |    19 ||   166

Table legend: (Time is in decaauts)
 A = Elapsed time spent in this place.
 B = Non-inter-level travel time spent in this place.
 C = Inter-level travel time spent in this place.
 D = Time resting spent in this place.
 E = Time spent auto-exploring this place.
 F = Levels seen in this place.
 G = Mean time per level.
                   A        B        C        D        E       F      G
               +--------+--------+--------+--------+--------+-----+--------+
         Total |   2390 |   2322 |     68 |    126 |   1604 |   3 |  796.7 |
       Dungeon |   2390 |   2322 |     68 |    126 |   1604 |   3 |  796.7 |
               +--------+--------+--------+--------+--------+-----+--------+

Top non-repeatable levels by time:
     D:1: 1047 daAuts
     D:2: 946 daAuts
     D:3: 397 daAuts
